Map: Canyon of Tribulation

Players

Kejawan - Winner!

  • Race: Protoss Protoss
  • Spawn Location: 6:00

twoshoes - Winner!

  • Race: Protoss Protoss
  • Spawn Location: 7:00

Kingfischer

  • Race: Terran Terran
  • League: Bronze
  • Spawn Location: 12:00

finessipov

  • Race: Terran Terran
  • League: Platinum
  • Spawn Location: 12:00

Revenbard - Winner!

  • Race: Terran Terran
  • League: Platinum
  • Spawn Location: 6:00

redbusman

  • Race: Terran Terran
  • League: Bronze
  • Spawn Location: 3:00

VOD

Have the link to the VOD?

Description

Time

  • Played on: July 12, 2020, 11:30 p.m.
  • Length: 12:18
Show
View Real Time Build Order
Export as new Build Order

Kejawan Protoss - Winner!

Build Orders:  

Get SALT Encoding   

  12  0:01  Probe  
  13  0:13  Probe  
  14  0:21  Pylon  
  14  0:38  Pylon  
  14  0:46  Forge  
  14  0:47  Probe  
  14  0:55  Probe  
  16  1:04  Probe  
  17  1:16  Probe  
  18  1:24  Photon Cannon  
  18  1:28  Probe  
  19  1:34  Pylon  
  19  1:49  Pylon  
  19  1:57  Probe  
  19  2:01  Assimilator  
  20  2:06  Assimilator  
  20  2:08  Gateway  
  20  2:12  Photon Cannon  
  20  2:15  Photon Cannon  
  20  2:30  Pylon  
  20  2:35  Probe  
  21  2:47  Probe  
  22  2:59  Probe  
  23  3:26  Cybernetics Core  
  23  3:28  Pylon  
  23  3:31  Pylon  
  23  3:32  Probe  
  24  3:44  Probe  
  25  3:53  Nexus  
  25  3:56  Pylon  
  25  3:58  Pylon  
  24  4:06  Nexus  
  24  4:14  Pylon  
  24  4:36  Photon Cannon  
  24  4:39  Photon Cannon  
  24  4:44  Stargate  
  24  5:01  Stargate  
  24  5:08  Pylon  
  24  5:09  Probe  
  25  5:17  Probe x2  
  27  5:25  Probe  
  27  5:26  Probe  
  29  5:36  Assimilator  
  29  5:38  Probe  
  29  5:41  Assimilator  
  30  5:45  Assimilator  
  30  5:50  Probe  
  30  5:53  Void Ray  
  35  6:00  Probe  
  35  6:01  Probe  
  37  6:08  Probe  
  37  6:09  Probe  
  37  6:17  Probe  
  39  6:20  Assimilator  
  40  6:27  Probe  
  40  6:30  Void Ray  
  45  6:35  Probe x2  
  47  6:43  Probe x2  
  48  6:52  Probe  
  49  6:55  Probe  
  49  6:57  Void Ray  
  55  7:04  Probe  
  55  7:07  Probe  
  57  7:10  Fleet Beacon  
  57  7:14  Probe  
  57  7:17  Probe  
  57  7:22  Probe  
  59  7:25  Probe  
  61  7:31  Probe  
  61  7:33  Probe  
  61  7:34  Void Ray  
  66  7:43  Probe  
  68  7:45  Probe  
  68  7:49  Pylon  
  69  7:52  Pylon, Probe  
  69  7:54  Probe, Stargate  
  69  7:57  Stargate  
  71  8:00  Probe  
  71  8:02  Probe  
  71  8:04  Carrier  
  72  8:09  Probe  
  72  8:12  Probe  
  81  8:21  Probe  
  81  8:22  Void Ray  
  81  8:24  Probe  
  83  8:32  Void Ray  
  83  8:33  Probe  
  88  8:36  Probe  
  89  8:45  Probe  
  89  8:46  Void Ray  
  94  9:00  Void Ray  
  94  9:01  Probe  
  99  9:05  Carrier  
  109  9:14  Probe  
  109  9:15  Void Ray  
  114  9:26  Probe  
  115  10:51  Void Ray  
  115  10:52  Carrier  
Show
View Real Time Build Order
Export as new Build Order

twoshoes Protoss - Winner!

Build Orders: 1 Gate Expand, Oracle Opening 

Get SALT Encoding   

  12  0:01  Probe  
  13  0:13  Probe  
  14  0:20  Pylon  
  14  0:25  Probe  
  15  0:38  Probe  
  15  0:41  Gateway  
  16  0:49  Assimilator  
  16  0:50  Probe  
  17  1:02  Probe  
  18  1:24  Nexus  
  18  1:32  Cybernetics Core  
  18  1:34  Probe  
  19  1:48  Assimilator  
  19  1:53  Probe  
  20  2:05  Probe  
  21  2:14  Stargate  
  21  2:17  Probe  
  22  2:33  Pylon  
  22  2:35  Probe  
  22  2:43  Probe  
  23  2:45  Probe  
  25  2:52  Probe  
  25  2:55  Forge  
  25  2:58  Probe  
  27  3:03  Oracle  
  27  3:04  Probe  
  31  3:10  Probe  
  32  3:16  Assimilator, Probe  
  32  3:18  Pylon  
  33  3:22  Probe  
  34  3:28  Probe  
  34  3:33  Pylon  
  36  3:34  Probe  
  36  3:40  Probe  
  37  3:44  Stargate  
  37  3:46  Probe  
  38  3:52  Probe  
  39  4:55  Nexus  
  39  5:00  Assimilator  
  39  5:05  Photon Cannon  
  39  5:12  Probe  
  40  5:20  Probe  
  41  5:24  Probe  
  41  5:27  Photon Cannon  
  42  5:30  Photon Cannon  
  42  5:32  Probe  
  43  5:36  Probe  
  43  5:38  Pylon, Void Ray x2  
  52  5:44  Probe  
  52  5:45  Stargate  
  52  5:47  Pylon  
  52  5:48  Probe  
  54  5:50  Pylon  
  54  5:55  Pylon  
  54  5:58  Stargate  
  54  6:00  Probe  
  55  6:07  Gateway  
  55  6:09  Gateway  
  55  6:21  Void Ray x2  
  55  6:24  Protoss Air Weapons Level 1  
  63  6:31  Photon Cannon  
  63  6:39  Pylon  
  63  6:48  Void Ray x2  
  71  6:54  Photon Cannon  
  71  8:09  Void Ray x3  
  71  8:10  Void Ray  
  87  8:23  Photon Cannon  
  87  8:27  Photon Cannon  
  87  8:37  Fleet Beacon  
  87  8:39  Photon Cannon  
  87  8:40  Probe  
  88  8:48  Probe  
  88  8:49  Probe  
  90  8:55  Photon Cannon  
  90  8:58  Probe  
  90  9:00  Void Ray x3  
  90  9:01  Probe, Void Ray  
  108  9:10  Probe  
  108  9:11  Pylon  
  108  9:13  Probe  
  108  9:14  Pylon  
  108  9:16  Photon Cannon  
  110  9:22  Probe  
  110  9:24  Assimilator  
  111  9:25  Probe  
  111  9:26  Pylon  
  111  9:30  Pylon  
  112  9:34  Assimilator  
  112  9:37  Probe  
  113  9:43  Void Ray x4  
  129  9:52  Unknown  
  129  10:09  Probe  
  129  10:11  Probe  
  131  10:21  Probe  
  131  10:23  Probe  
  133  10:33  Probe  
  133  10:34  Void Ray x2  
  142  10:36  Probe  
  143  10:43  Void Ray  
  143  10:48  Probe  
Show
View Real Time Build Order
Export as new Build Order

Kingfischer Terran 

Build Orders:  

Get SALT Encoding   

  12  0:01  SCV  
  14  0:14  SCV  
  14  0:20  Supply Depot  
  14  0:26  SCV  
  15  0:41  SCV  
  16  0:45  Barracks  
  16  0:54  SCV  
  17  1:06  SCV  
  18  1:21  SCV  
  18  1:24  Refinery  
  19  1:33  Orbital Command  
  19  1:34  Supply Depot  
  19  1:35  Marine  
  20  1:53  Marine  
  21  2:07  SCV  
  22  2:27  Command Center  
  21  3:06  SCV  
  22  3:20  Factory  
  23  3:47  Bunker  
  23  3:51  Marine  
  23  3:58  SCV  
  24  4:09  Marine  
  25  4:18  Widow Mine  
  27  4:35  Starport  
  27  4:39  Widow Mine  
  27  4:44  SCV  
  30  4:56  SCV  
  30  4:57  SCV  
  32  5:08  SCV  
  32  5:11  Barracks Reactor  
  32  5:13  Factory Tech Lab  
  33  5:20  SCV  
  34  5:22  Factory  
  34  5:23  SCV  
  35  5:33  SCV  
  35  5:35  SCV  
  37  5:47  SCV  
  38  5:50  Refinery  
  38  5:54  Refinery, Orbital Command  
  38  5:59  SCV  
  39  6:07  Command Center  
  40  6:11  SCV  
  40  6:17  Starport Tech Lab, Factory Tech Lab  
  40  6:23  Widow Mine x2, SCV  
  45  6:33  Armory  
  45  6:35  Refinery, SCV  
  45  6:38  Supply Depot  
  46  6:57  Engineering Bay  
  46  7:00  Widow Mine x2, SCV  
  51  7:07  Supply Depot  
  51  7:21  Supply Depot  
  51  7:41  SCV  
  45  7:53  SCV  
  44  8:10  SCV  
  45  8:17  Supply Depot  
  45  8:23  SCV  
  46  8:30  Medivac  
  48  8:42  Supply Depot  
  48  9:00  Siege Tank, Medivac  
  53  9:06  Terran Vehicle And Ship Armor Level 1  
  51  9:32  Siege Tank  
  54  10:07  Supply Depot  
  54  10:17  Hi-Sec Auto Tracking  
  54  10:21  SCV  
  55  10:32  Missile Turret  
  55  10:34  SCV  
  56  10:46  SCV  
  57  10:58  SCV  
  58  11:10  SCV, Missile Turret  
  59  11:18  Missile Turret  
  59  11:22  Missile Turret  
  59  11:34  Missile Turret  
Show
View Real Time Build Order
Export as new Build Order

finessipov Terran 

Build Orders:  

Get SALT Encoding   

  12  0:00  SCV  
  13  0:13  SCV  
  14  0:21  Supply Depot  
  14  0:25  SCV  
  16  0:42  SCV  
  16  0:44  Barracks  
  16  0:48  Refinery  
  16  0:55  SCV  
  17  1:01  Supply Depot  
  17  1:07  SCV  
  18  1:19  SCV  
  18  1:25  Supply Depot  
  19  1:52  Command Center  
  19  2:01  Factory  
  19  2:24  Marine  
  20  2:39  Orbital Command  
  20  2:45  Refinery  
  20  2:46  Factory Tech Lab  
  20  3:03  Command Center  
  20  3:07  SCV  
  20  3:09  SCV  
  22  3:19  SCV  
  23  3:22  Siege Tank  
  26  3:30  SCV  
  26  3:31  SCV  
  28  3:38  Engineering Bay  
  28  3:42  SCV  
  29  3:51  SCV  
  29  3:54  Siege Tank, SCV  
  34  4:05  Refinery, Orbital Command  
  33  4:14  Missile Turret  
  31  4:20  Missile Turret  
  26  4:40  SCV  
  26  4:45  Missile Turret  
  27  4:53  SCV  
  28  5:05  SCV  
  29  5:08  Orbital Command  
  29  5:15  Armory  
  29  5:17  SCV  
  30  5:28  Armory  
  30  5:29  SCV  
  30  5:34  Missile Turret  
  31  5:36  SCV  
  31  5:37  Refinery  
  32  5:43  Refinery  
  32  5:49  Starport, SCV  
  33  5:53  SCV x2  
  33  5:55  Missile Turret  
  35  6:01  SCV  
  33  6:10  Siege Tank  
  33  6:18  Hi-Sec Auto Tracking, Missile Turret  
  33  6:24  Missile Turret  
  33  6:34  Terran Ship Weapons Level 1  
  33  6:47  Command Center  
  33  6:52  Starport Reactor  
  33  7:01  Terran Vehicle And Ship Armor Level 1  
  33  7:09  Starport  
  33  7:14  SCV  
  33  7:15  SCV x2  
  36  7:19  Refinery  
  36  7:27  SCV x2  
  38  7:35  Starport, Siege Tank  
  41  7:39  SCV  
  42  7:48  Viking x2  
  42  7:51  SCV  
  47  7:58  Starport Reactor  
  47  8:01  SCV x2  
  47  8:03  SCV  
  50  8:30  Starport Reactor  
  50  8:39  Terran Ship Weapons Level 2, Starport  
  50  8:50  Viking x2  
  54  9:14  Viking x3  
  54  9:15  Viking  
  62  9:33  Missile Turret  
  62  9:34  Starport Reactor  
  62  9:45  Command Center  
  62  9:46  Viking x3  
  68  9:53  Missile Turret  
  68  9:57  Supply Depot  
  68  9:59  Supply Depot  
  68  10:01  Supply Depot  
  68  10:13  Viking  
  68  10:15  Viking x2  
  68  10:28  Viking x2  
  68  10:29  Viking  
  52  10:58  Viking  
  52  10:59  Viking x2  
  50  11:06  Viking  
Show
View Real Time Build Order
Export as new Build Order

Revenbard Terran - Winner!

Build Orders: Command Center First (CC) 

Get SALT Encoding   

  12  0:01  SCV  
  13  0:13  SCV  
  14  0:18  Supply Depot  
  14  0:25  SCV  
  15  0:40  SCV  
  16  0:53  SCV  
  17  1:02  Command Center  
  17  1:05  SCV  
  18  1:11  Refinery  
  18  1:23  SCV  
  19  1:29  Barracks  
  19  1:35  SCV  
  20  1:47  SCV  
  21  1:55  Refinery  
  21  1:59  SCV  
  22  2:02  Supply Depot  
  22  2:12  SCV  
  23  2:24  Factory  
  23  2:30  Supply Depot  
  23  2:32  SCV  
  23  2:36  SCV  
  25  2:44  Orbital Command  
  25  2:46  Barracks Tech Lab  
  25  2:48  SCV  
  26  2:56  Supply Depot  
  26  3:00  SCV  
  27  3:09  Starport  
  27  3:10  Factory Tech Lab  
  27  3:13  Orbital Command  
  27  3:25  Supply Depot  
  27  3:32  Refinery  
  27  3:47  Starport  
  27  3:57  Banshee  
  27  4:01  Cloaking Field  
  30  4:08  Supply Depot  
  30  4:09  Marine  
  31  4:10  SCV  
  32  4:23  SCV  
  33  4:24  Factory Tech Lab  
  33  4:27  Marine  
  34  4:35  Starport, SCV  
  34  4:37  Starport Reactor  
  35  4:44  Marine  
  36  4:47  SCV  
  36  4:51  Banshee  
  40  4:55  Command Center  
  40  5:09  Marine  
  41  5:14  Starport Reactor  
  41  5:16  Viking x2  
  45  5:27  Marine  
  46  5:34  Banshee  
  49  6:20  Viking x2  
  49  6:21  Viking x2  
  49  6:22  Viking  
  56  6:51  Viking  
  56  6:52  Viking  
  60  6:56  SCV  
  61  7:07  Command Center  
  61  7:08  SCV  
  62  7:19  Barracks  
  62  7:20  SCV  
  63  7:25  Supply Depot  
  63  7:32  SCV  
  64  7:45  SCV  
  64  7:48  Supply Depot  
  65  7:54  SCV  
  66  8:00  SCV  
  67  8:06  SCV  
  67  8:08  Marine, Engineering Bay, Barracks  
  67  8:11  Supply Depot  
  67  8:12  SCV  
  70  8:14  Viking x2  
  70  8:15  Viking x3  
  70  8:18  SCV  
  81  8:24  SCV  
  81  8:26  Marine  
  83  8:27  Command Center  
  83  8:30  SCV  
  84  8:36  SCV  
  84  8:38  SCV  
  86  8:42  SCV  
  86  8:44  Marine  
  88  8:48  SCV  
  88  8:50  SCV  
  88  8:54  SCV  
  91  8:56  Barracks  
  91  9:00  SCV  
  91  9:01  Marine  
  91  9:02  SCV  
  94  9:19  Marine  
  93  9:45  SCV x2, Barracks  
  95  9:57  SCV x2  
  97  10:09  SCV x2  
  97  10:10  Banshee  
  97  10:12  Viking x4  
  106  10:17  Barracks Reactor x3  
  106  10:34  Barracks  
  106  10:42  Viking  
  108  10:53  Banshee  
  103  11:24  Barracks  
Show
View Real Time Build Order
Export as new Build Order

redbusman Terran 

Build Orders:  

Get SALT Encoding   

  12  0:01  SCV  
  13  0:14  Supply Depot  
  13  0:22  SCV  
  14  0:34  SCV  
  15  0:39  Barracks  
  15  0:47  SCV  
  16  0:59  SCV  
  17  1:05  Refinery  
  17  1:11  SCV  
  18  1:25  Engineering Bay  
  18  1:32  Marine  
  19  1:50  Marine  
  20  2:37  Marine  
  20  2:38  Factory  
  21  2:55  Marine  
  22  3:03  Orbital Command  
  22  3:13  Marine  
  23  3:25  Factory Tech Lab  
  23  3:38  Refinery  
  23  3:42  Marine  
  23  3:46  Supply Depot  
  24  3:51  Missile Turret  
  24  3:56  Siege Tank  
  24  4:00  Marine  
  28  4:04  SCV  
  29  4:11  Supply Depot  
  29  4:16  SCV  
  30  4:18  Marine  
  31  4:28  SCV  
  32  4:40  SCV  
  32  4:41  Siege Tank  
  36  4:49  Supply Depot  
  36  4:52  SCV  
  37  5:16  Command Center  
  37  5:21  SCV  
  38  5:33  SCV  
  38  5:35  Missile Turret  
  39  6:01  SCV  
  40  6:08  Command Center  
  39  7:04  Missile Turret  
  39  7:07  Orbital Command  
  39  7:08  Missile Turret  
  39  7:20  Marine  
  40  7:31  Starport  
  40  7:35  Starport  
  40  7:38  Marine  
  40  7:39  Starport  
  40  7:43  Missile Turret  
  41  7:47  SCV  
  42  7:56  Marine  
  43  7:59  SCV  
  44  8:08  Missile Turret  
  44  8:11  SCV  
  45  8:13  Orbital Command  
  45  8:14  Marine  
  45  8:19  SCV  
  47  8:23  SCV  
  48  8:31  SCV  
  48  8:32  Marine  
  48  8:33  Missile Turret  
  50  8:35  SCV  
  50  8:36  Missile Turret  
  50  8:38  Missile Turret  
  51  8:43  SCV  
  51  8:44  Cyclone  
  55  8:55  SCV  
  56  8:59  Viking x3  
  62  9:07  SCV  
  63  9:10  Refinery  
  63  9:12  SCV  
  63  9:16  Cyclone  
  67  9:24  SCV  
  67  9:29  Viking x2  
  74  9:37  SCV  
  67  9:48  Cyclone  
  67  9:49  SCV  
  63  9:53  Missile Turret  
  63  9:59  Viking x2  
  67  10:01  SCV  
  68  10:20  Cyclone  
  71  10:52  Cyclone  
  74  11:02  Viking x3  
  80  11:15  SCV  
  80  11:16  Missile Turret  
  81  11:20  Refinery  
  81  11:27  SCV  
  81  11:32  Viking  
Tags
 
Add a new tag
Caveats
  • Supply blocks, unpowered buildings, or Contaminate may cause inaccurate times.
  • Supply counts are checked every 10 seconds.